 Dungeon Sprint DCSS version 0.30-a0-50-gb2d611f6b1 (webtiles) character file.

Game seed: 13392714808553105931

6 lesbiats the Cudgeller (level 1, 0/20 HPs)
             Began as a Troll Gladiator on Sept 4, 2022.
             Slain by a scorpion (4 damage)
             ... in the Dungeon (Sprint IX: "|||||||||||||||||||||||||||||").
             The game lasted 00:00:23 (38 turns).

lesbiats the Cudgeller (Troll Gladiator)              Turns: 38, Time: 00:00:23

Health: 0/20       AC:  4    Str: 21    XL:     1   Next: 75%
Magic:  0/0        EV: 10    Int:  4    God:
Gold:   0          SH:  0    Dex: 11    Spells: 0/0 levels left

rFire   . . .      SeeInvis .    a - +0 flail
rCold   . . .      Faith    .    (no shield)
rNeg    . . .      Spirit   .    b - +0 robe
rPois   .          Reflect  .    c - +0 hat
rElec   .          Harm     .    (no cloak)
rCorr   .          Rampage  .    (gloves unavailable)
Will    .....      NoTele   +    (boots unavailable)
Stlth   +.........               (no amulet)
HPRegen 0.86/turn                (no ring)
MPRegen 0.07/turn                (no ring)

@: no status effects
A: large, unfitting armour, claws 3, regeneration 1, shaggy fur 1, tough skin 1
a: no special abilities


You were in the Dungeon.
You visited 1 branch

Inventory:

Hand Weapons
 a - a +0 flail (weapon)
Missiles
 d - 3 throwing nets (quivered)
 e - a large rock
Armour
 b - a +0 robe (worn)
 c - a +0 hat (worn)
Scrolls
 k - a scroll of blinking
Potions
 f - a potion of curing
 g - a potion of heal wounds
 h - a potion of haste
 i - 2 potions of magic
 j - a potion of berserk rage


   Skills:
 + Level 2.1 Fighting
 + Level 3.2 Maces & Flails
 - Level 1.7 Throwing
 + Level 3.1 Dodging


You couldn't memorise any spells.
You didn't know any spells.
Your spell library was empty.

Dungeon Overview and Level Annotations

Branches:
Dungeon (1/1)

Altars:


Innate Abilities, Weirdness & Mutations

You are too large for most types of armour.
You have claws for hands.
Your natural rate of healing is unusually fast.
You are covered in fur. (AC +1)
You have tough skin. (AC +1)


Message History

You completely miss the goblin. The goblin hits you with a +0 club.
You sock the goblin!
You kill the goblin!
Your Fighting skill increases to level 2!
Your Dodging skill increases to level 3!
You closely miss the hobgoblin. The hobgoblin closely misses you. x2
You barely miss the hobgoblin. The hobgoblin closely misses you.
You closely miss the hobgoblin. The hobgoblin closely misses you.
You barely miss the hobgoblin. The hobgoblin hits you. x2
You completely miss the hobgoblin. The hobgoblin barely misses you.
You hit the hobgoblin.
The hobgoblin is moderately wounded.
The hobgoblin closely misses you.
You closely miss the hobgoblin.
The hobgoblin is moderately wounded.
The hobgoblin barely misses you.
You closely miss the hobgoblin.
The hobgoblin is moderately wounded.
The hobgoblin barely misses you. x2
You hit the hobgoblin.
You kill the hobgoblin!
You barely miss the goblin. The goblin hits you with a +0 dagger.
You closely miss the goblin. The goblin closely misses you.
You sock the goblin!
You kill the goblin!
There is an open door to the Dungeon here.
Items here: )) †††.
You open the door. 2 scorpions, an adder and 2 ice beasts come into view.
The adder hisses angrily.
You closely miss the scorpion. The scorpion stings you.
The scorpion misses you.
You barely miss the scorpion. The scorpion stings you.
You hit the scorpion but do no damage. The scorpion barely misses you.
The scorpion stings you.
You barely miss the scorpion. The scorpion stings you.
* * * LOW HITPOINT WARNING * * *
You closely miss the scorpion. The scorpion closely misses you.
The scorpion stings you.
You die...

▓.▓
▓.▓
▓.▓
▓)▓
▓.▓
▓.▓
▓.▓
▓.▓
▓@▓
▓s▓
▓s▓
▓S▓
▓Y▓
▓Y▓
▓.▓
▓+▓


You could see 2 ice beasts, 2 scorpions and an adder.

Vanquished Creatures
  2 goblins (D)
  A hobgoblin (D)
  A quokka (D)
  A rat (D)
5 creatures vanquished.

Notes
Turn   | Place    | Note
-------+----------+-------------------------------------------
     0 | D        | lesbiats the Troll Gladiator began the quest for the Orb.
     0 | D        | Reached XP level 1. HP: 19/19 MP: 0/0
    33 | D        | Noticed a scorpion
    33 | D        | Noticed a scorpion
    33 | D        | Noticed an ice beast
    33 | D        | Noticed an ice beast
    38 | D        | Slain by a scorpion

Illustrated notes

Levels and vault maps discovered:
D:        linesprint [early_d, line_temple, items_1, d_10, items_2, lair_1,
          lair_end, items_3, orc_1, orc_end, items_4, d_15, swamp_1, shoals_1,
          snake_1, spider_1, d_20, vaults_1, items_5, swamp_end, shoals_end,
          snake_end, spider_end, vaults_end, d_27, items_6, zot_1, zot_end,
          crypt_end, forest_end, elf_end, slime_end, tomb_end, abyss_end,
          pan_hell_end]

Skill      XL: |  1 |
---------------+----+-----
Maces & Flails | 3 |  3.2
Fighting       | 2 |  2.1
Dodging        | 3 |  3.1
Throwing       | |  1.7

Action                   || total
-------------------------++-------
Melee: Flail             ||    28
Armor: Robe              ||     3
Dodge: Dodged            ||    18

Table legend: (Time is in decaauts)
 A = Elapsed time spent in this place.
 B = Non-inter-level travel time spent in this place.
 C = Inter-level travel time spent in this place.
 D = Time resting spent in this place.
 E = Time spent auto-exploring this place.
 F = Levels seen in this place.
 G = Mean time per level.
                   A        B        C        D        E       F      G
               +--------+--------+--------+--------+--------+-----+--------+
         Total |     45 |     45 |      0 |      0 |      3 |   1 |   45.0 |
       Dungeon |     45 |     45 |      0 |      0 |      3 |   1 |   45.0 |
               +--------+--------+--------+--------+--------+-----+--------+

Top non-repeatable levels by time:
       D: 45 daAuts
